 Dungeon Crawl Stone Soup version 0.32-a0-699-g1ee5eff69a (webtiles) character file.

Game seed: 14583381200572218013

16 BeKind the Chiller (level 2, -1/17 HPs)
             Began as an Octopode Ice Elementalist on Mar 13, 2024.
             Slain by a goblin
             ... wielding a +0 club
              (4 damage)
             ... on level 1 of the Dungeon.
             The game lasted 00:00:21 (289 turns).

BeKind the Chiller (Octopode Ice Elementalist)       Turns: 289, Time: 00:00:22

Health: -1/17      AC:  1    Str:  7    XL:     2   Next: 54%
Magic:  2/5        EV: 12    Int: 17    God:
Gold:   15         SH:  0    Dex: 12    Spells: 4/5 levels left

rFire   . . .        (no weapon)
rCold   . . .        (no shield)
rNeg    . . .        (helmet restricted)
rPois   .            (no amulet)
rElec   .            c - ring of see invisible
rCorr   .            (no ring)
SInv    +            (no ring)
Will    .....        (no ring)
Stlth   +++          (no ring)
HPRegen 0.22/turn    (no ring)
MPRegen 0.09/turn    (no ring)
                     (no ring)

%: no passive effects
@: no status effects
A: almost no armour, amphibious, 8 rings, camouflage 1, gelatinous body 1,
(nimble swimmer 1), tentacles
a: no special abilities


You were on level 1 of the Dungeon.
You visited 1 branch of the dungeon, and saw 1 of its levels.

You collected 15 gold pieces.

Inventory:

Jewellery
 c - a ring of see invisible (left tentacle)
Scrolls
 b - a scroll of blinking {unknown}
Potions
 a - a potion of magic
 d - a potion of mutation {unknown}
 e - a potion of lignification {unknown}


   Skills:
 + Level 2.2 Dodging
 + Level 3.2 Stealth
 + Level 2.2 Spellcasting
 + Level 4.1 Ice Magic


You had 4 spell levels left.
You knew the following spells:

 Your Spells              Type           Power      Damage    Failure   Level
a - Freeze                Ice            64%        1d7       3%          1

Your spell library contained the following spells:

 Spells                   Type           Power      Damage    Failure   Level
 Frozen Ramparts          Ice            32%        1d5       11%         3
 Ozocubu's Armour         Ice            16%        N/A       11%         3
 Summon Ice Beast         Ice/Summ       8%         N/A       24%         3


Dungeon Overview and Level Annotations

Branches:
Dungeon (1/15)

Altars:


Innate Abilities, Weirdness & Mutations

You cannot wear most types of armour.
You are amphibious.
You can wear up to eight rings at the same time.
Your skin changes colour to match your surroundings (Stealth+).
Your rubbery body absorbs attacks. (AC +1, EV +1)
((You are camouflaged when in or above water. (Stealth+)))
You have tentacles for arms and can constrict up to eight enemies at once.


Message History

You can't see any susceptible monsters within range! (Use Z to cast anyway.)
The rat closely misses you.
You freeze the rat.
You kill the rat!
No target in view!
You can't see any susceptible monsters within range! (Use Z to cast anyway.)
You can't see any susceptible monsters within range! (Use Z to cast anyway.)
e - a murky golden potion A goblin comes into view.
It is wielding a +0 club.
A goblin is nearby!
A goblin comes into view. It is wielding a +0 club.
A rat and a goblin come into view.
A bat comes into view.
The goblin shouts! x2
The goblin hits you with a +0 club.
A rat comes into view.
The goblin shouts!
The rat squeaks loudly. x2
You barely miss the goblin. You grab the goblin. You constrict the goblin.
The bat hits you. The goblin hits you with a +0 club.
You freeze the goblin.
You kill the goblin!
The bat hits you but does no damage.
You freeze the goblin.
The goblin is moderately wounded.
The bat hits you. The goblin hits you with a +0 club.
You freeze the goblin.
You kill the goblin!
The bat hits you. The goblin hits you with a +0 club.
* * * LOW HITPOINT WARNING * * *
You are too injured to fight recklessly!
You are too injured to fight recklessly!
The bat barely misses you. The rat closely misses you.
You tentacle-slap the rat but do no damage.
Your grab misses the rat. You squeeze the rat, but do no damage.
The bat hits you.
* * * LOW HITPOINT WARNING * * *
The rat bites you.
* * * LOW HITPOINT WARNING * * *
The goblin hits you with a +0 club.
You die...

.##.#.###....#.#.#.#.#
. #.#.#
#...#.#.#.#.#.#. #.# #
##...#.#.#.#.#.#.
#.#.####....#.#.#.#.#.#
#.#..........#.#.#.#.#
#.............#.#.#.#.#
..######.##....#.#.#.#.
#.......b#.#.#..
....#####.@g?#.#...
#........r..)r#....
.#.#####.#.).....# #.#.
...#........ # ##
##..#.#####.# #..#.# #
...#.# ....#.# ....#.#


You could see a goblin, a bat and 2 rats.

Vanquished Creatures
  2 ball pythons (D:1)
  A giant cockroach (D:1)
  4 jackals (D:1)
  2 frilled lizards (D:1)
  2 goblins (D:1)
  A kobold (D:1)
  3 rats (D:1)
15 creatures vanquished.

Notes
Turn   | Place    | Note
-------+----------+-------------------------------------------
     0 | D:1      | BeKind the Octopode Ice Elementalist began the quest for
                  | the Orb.
     0 | D:1      | Reached XP level 1. HP: 11/11 MP: 3/3
   174 | D:1      | Reached XP level 2. HP: 16/17 MP: 0/5
   289 | D:1      | Slain by a goblin

Illustrated notes

Levels and vault maps discovered:
D:1:      elethiomel_arrival_shortcut, layout_loops_ring,
          corexii_leaking_fountain, nicolae_the_louvre

Skill      XL: |  1 |
---------------+----+-----
Stealth        | 3 |  3.2
Dodging        | |  2.2
Spellcasting   | |  2.2
Ice Magic      | |  4.1

Action                     || total
---------------------------++-------
  Melee: Unarmed           ||    16
         Constrict         ||     9
         Tentacles         ||     6
         Punch             ||     1
   Cast: Freeze            ||     9
 Armour: Skin              ||    15
  Dodge: Dodged            ||    16

Table legend: (Time is in decaauts)
 A = Elapsed time spent in this place.
 B = Non-inter-level travel time spent in this place.
 C = Inter-level travel time spent in this place.
 D = Time resting spent in this place.
 E = Time spent auto-exploring this place.
 F = Levels seen in this place.
 G = Mean time per level.
                   A        B        C        D        E       F      G
               +--------+--------+--------+--------+--------+-----+--------+
         Total |    288 |    288 |      0 |      0 |    212 |   1 |  288.0 |
       Dungeon |    288 |    288 |      0 |      0 |    212 |   1 |  288.0 |
               +--------+--------+--------+--------+--------+-----+--------+

Top non-repeatable levels by time:
     D:1: 288 daAuts
